WLB
NEW YORK YANKEES @ CHICAGO CUBS
04/19/2024
 
TOP OF THE 1ST
New York Yankees batting - Pitching for Chicago Cubs : LHP Carlos Rodon
Pitching: LHP Carlos Rodon
Batting: RHB Randy Arozarena 0-0: Ball
1-0: Ball
2-0: Called Strike
2-1: Ground out 6-3 (Groundball, 6, EV 85.0 MPH)
Batting: RHB Ha-seong Kim 0-0: Reached on error, E4 (Groundball, 34, EV 98.8 MPH)
Batting: RHB Vladimir Guerrero Jr. 0-0: Ball
Ha-seong Kim steals 2nd base
1-0: Ball
2-0: Called Strike
2-1: Ball
3-1: Called Strike
3-2: Base on Balls
Batting: RHB Seiya Suzuki 0-0: Called Strike
0-1: Ball
1-1: Fly out, F9 (Flyball, 89S, EV 95.0 MPH)
Batting: SHB Ozzie Albies 0-0: Called Strike
0-1: Foul Ball, location: 5FF
0-2: Ball
1-2: Fly out, F7 (Flyball, 78M, EV 95.0 MPH)
Top of the 1st over - 0 runs, 0 hits, 1 error, 2 left on base; New York 0 - Chicago 0
BOTTOM OF THE 1ST
Chicago Cubs batting - Pitching for New York Yankees : RHP Yu Darvish
Pitching: RHP Yu Darvish
Batting: RHB Tim Locastro 0-0: Ground out 3-1 (Groundball, 34, EV 90.0 MPH)
Batting: RHB Tim Anderson 0-0: Ball
1-0: Ball
2-0: Called Strike
2-1: Ball
3-1: Base on Balls
Batting: RHB Aaron Judge 0-0: Called Strike
0-1: Ball
1-1: Swinging Strike
1-2: Ball
2-2: Ball
3-2: Foul Ball, location: 7LSFF
3-2: Strikes out looking
Batting: RHB Randal Grichuk 0-0: Called Strike
0-1: Foul Ball, location: 7LMF
0-2: Fly out, F9 (Flyball, 9, EV 93.1 MPH)
Bottom of the 1st over - 0 runs, 0 hits, 0 errors, 1 left on base; New York 0 - Chicago 0
TOP OF THE 2ND
New York Yankees batting - Pitching for Chicago Cubs : LHP Carlos Rodon
Batting: RHB Tom Murphy 0-0: Fly out, F8 (Flyball, 8LS, EV 77.5 MPH)
Batting: RHB Gary Sanchez 0-0: Called Strike
0-1: Called Strike
0-2: Strikes out swinging
Batting: RHB Matt Chapman 0-0: Called Strike
0-1: Foul Ball, location: 2F
0-2: Hit by Pitch
Batting: RHB Elvis Andrus 0-0: Ball
1-0: Called Strike
1-1: Fly out, F6 (Line Drive, 6M, EV 104.4 MPH)
Top of the 2nd over - 0 runs, 0 hits, 0 errors, 1 left on base; New York 0 - Chicago 0
BOTTOM OF THE 2ND
Chicago Cubs batting - Pitching for New York Yankees : RHP Yu Darvish
Batting: RHB Taylor Jones 0-0: SINGLE (Groundball, 56D, EV 98.1 MPH)
Batting: RHB Miguel Andujar 0-0: Foul Ball, location: 23FF
0-1: Ball
1-1: Swinging Strike
1-2: Ball
2-2: Strikes out looking
Batting: LHB Jesse Winker 0-0: Called Strike
0-1: Ball
1-1: SINGLE (Groundball, 6MD, EV 95.0 MPH)
Taylor Jones to second
Runner from 2nd tries for 3rd, SAFE, throw by CF made to third
Batting: LHB Kyle Holder 0-0: Ball
1-0: Grounds into double play, 4-6-3 (Groundball, 4D, EV 110.6 MPH)
Bottom of the 2nd over - 0 runs, 2 hits, 0 errors, 1 left on base; New York 0 - Chicago 0
TOP OF THE 3RD
New York Yankees batting - Pitching for Chicago Cubs : LHP Carlos Rodon
Batting: RHB Randy Arozarena 0-0: Ball
1-0: Foul Ball, location: 3FF
1-1: Ball
2-1: Swinging Strike
2-2: Foul Ball, location: 5SF
2-2: Strikes out swinging
Batting: RHB Ha-seong Kim 0-0: Ball
1-0: Called Strike
1-1: Foul Ball, location: 9LMF
1-2: Strikes out swinging
Batting: RHB Vladimir Guerrero Jr. 0-0: Called Strike
0-1: Ball
1-1: Ball
2-1: Foul Ball, location: 9LDF
2-2: Ball
3-2: SINGLE (Groundball, 6M, EV 88.8 MPH)
Batting: RHB Seiya Suzuki 0-0: Ball
1-0: Ball
2-0: Called Strike
2-1: 2-RUN HOME RUN (Flyball, 7D, EV 93.8 MPH), Distance : 378 ft
Batting: SHB Ozzie Albies 0-0: Ball
1-0: Foul Ball, location: 5DF
1-1: Fly out, F7 (Flyball, 7LS, EV 90.6 MPH)
Top of the 3rd over - 2 runs, 2 hits, 0 errors, 0 left on base; New York 2 - Chicago 0
BOTTOM OF THE 3RD
Chicago Cubs batting - Pitching for New York Yankees : RHP Yu Darvish
Batting: RHB Miguel Amaya 0-0: Foul Ball, location: 2LF
0-1: Swinging Strike
0-2: Foul Ball, location: 9LDF
0-2: Foul Ball, location: 5FF
0-2: Strikes out swinging
Batting: RHB Tim Locastro 0-0: Called Strike
0-1: Ball
1-1: Ground out 6-3 (Groundball, 6, EV 105.0 MPH)
Batting: RHB Tim Anderson 0-0: Called Strike
0-1: Ball
1-1: Fly out, F7 (Line Drive, 78M, EV 94.4 MPH)
Bottom of the 3rd over - 0 runs, 0 hits, 0 errors, 0 left on base; New York 2 - Chicago 0
TOP OF THE 4TH
New York Yankees batting - Pitching for Chicago Cubs : LHP Carlos Rodon
Batting: RHB Tom Murphy 0-0: Ball
1-0: Ball
2-0: Called Strike
2-1: Swinging Strike
2-2: Strikes out swinging
Batting: RHB Gary Sanchez 0-0: Called Strike
0-1: Swinging Strike
0-2: Ball
1-2: Strikes out looking
Batting: RHB Matt Chapman 0-0: Called Strike
0-1: Ball
1-1: Ball
2-1: Ball
3-1: Called Strike
3-2: Strikes out swinging
Top of the 4th over - 0 runs, 0 hits, 0 errors, 0 left on base; New York 2 - Chicago 0
BOTTOM OF THE 4TH
Chicago Cubs batting - Pitching for New York Yankees : RHP Yu Darvish
Batting: RHB Aaron Judge 0-0: Ball
1-0: Ball
2-0: Called Strike
2-1: Foul Ball, location: 23F
2-2: Ball
3-2: Base on Balls
Batting: RHB Randal Grichuk 0-0: Ball
1-0: Ball
2-0: Foul Ball, location: 2F
2-1: Foul Ball, location: 3FF
2-2: Strikes out looking
Batting: RHB Taylor Jones 0-0: Ball
1-0: Ball
2-0: Swinging Strike
2-1: Ball
3-1: Called Strike
3-2: Strikes out swinging
Batting: RHB Miguel Andujar 0-0: SINGLE (Line Drive, 8LS, EV 87.5 MPH)
Aaron Judge to second
Batting: LHB Jesse Winker 0-0: Swinging Strike
0-1: Ball
1-1: Foul Ball, location: 25F
1-2: Foul Ball, location: 3FF
1-2: Fly out, F5 (Popup, 56S, EV 83.1 MPH)
Bottom of the 4th over - 0 runs, 1 hit, 0 errors, 2 left on base; New York 2 - Chicago 0
TOP OF THE 5TH
New York Yankees batting - Pitching for Chicago Cubs : LHP Carlos Rodon
Batting: RHB Elvis Andrus 0-0: Fly out, F6 (Popup, 6D, EV 64.4 MPH)
Batting: RHB Randy Arozarena 0-0: Ball
1-0: Swinging Strike
1-1: Ball
2-1: Swinging Strike
2-2: Ball
3-2: Foul Ball, location: 2F
3-2: Strikes out looking
Batting: RHB Ha-seong Kim 0-0: Foul Ball, location: 23F
0-1: Fly out, F4 (Popup, 34S, EV 78.1 MPH)
Top of the 5th over - 0 runs, 0 hits, 0 errors, 0 left on base; New York 2 - Chicago 0
BOTTOM OF THE 5TH
Chicago Cubs batting - Pitching for New York Yankees : RHP Yu Darvish
Batting: LHB Kyle Holder 0-0: Called Strike
0-1: Ball
1-1: Ball
2-1: Foul Ball, location: 23FF
2-2: Foul Ball, location: 3F
2-2: SINGLE (Groundball, 4M, EV 84.4 MPH)
Batting: RHB Miguel Amaya 0-0: Ball
1-0: Fly out, F7 (Flyball, 78S, EV 90.6 MPH)
Batting: RHB Tim Locastro 0-0: Called Strike
0-1: Ball
1-1: Swinging Strike
1-2: Ball
2-2: Strikes out swinging
Batting: RHB Tim Anderson 0-0: Fielders Choice at 2nd, U4 (Groundball, 4M, EV 79.4 MPH)
Bottom of the 5th over - 0 runs, 1 hit, 0 errors, 1 left on base; New York 2 - Chicago 0
TOP OF THE 6TH
New York Yankees batting - Pitching for Chicago Cubs : LHP Carlos Rodon
Batting: RHB Vladimir Guerrero Jr. 0-0: Called Strike
0-1: Ball
1-1: Ball
2-1: Called Strike
2-2: Fly out, F7 (Line Drive, 7S, EV 100.6 MPH)
Batting: RHB Seiya Suzuki 0-0: Ball
1-0: Foul Ball, location: 2F
1-1: Foul Ball, location: 25F
1-2: Strikes out swinging
Batting: SHB Ozzie Albies 0-0: Called Strike
0-1: Ball
1-1: Ground out 4-3 (Groundball, 4M, EV 102.5 MPH)
Top of the 6th over - 0 runs, 0 hits, 0 errors, 0 left on base; New York 2 - Chicago 0
BOTTOM OF THE 6TH
Chicago Cubs batting - Pitching for New York Yankees : RHP Yu Darvish
Batting: RHB Aaron Judge 0-0: Ball
1-0: Ball
2-0: Foul Ball, location: 9LSF
2-1: Called Strike
2-2: Ball
3-2: SINGLE (Groundball, 6D, EV 98.1 MPH)
Batting: RHB Randal Grichuk 0-0: Called Strike
0-1: Ball
1-1: Fly out, F7 (Flyball, 7LS, EV 80.6 MPH)
Batting: RHB Taylor Jones 0-0: Foul Ball, location: 9LDF
0-1: Ball
1-1: Ball
2-1: Foul Ball, location: 23F
2-2: Foul Ball, location: 5SF
2-2: Foul Ball, location: 2F
2-2: Ball
3-2: Foul Ball, location: 2F
3-2: DOUBLE (Line Drive, 7LS, EV 103.8 MPH)
Aaron Judge to third
Runner from 3rd tries for Home, SAFE, no throw by LF
Pitching: RHP Scott Effross
Batting: RHB Miguel Andujar 0-0: Ground out 5-3 (Groundball, 56, EV 84.4 MPH)
Batting: LHB Jesse Winker 0-0: SINGLE (Groundball, 3D, EV 107.5 MPH)
Taylor Jones to third
Runner from 3rd tries for Home, SAFE, throw by RF to home
Batting: LHB Kyle Holder 0-0: Ball
1-0: Ball
2-0: Called Strike
2-1: Ball
3-1: Ground out U3 (Groundball, 3, EV 83.8 MPH)
Bottom of the 6th over - 2 runs, 3 hits, 0 errors, 1 left on base; New York 2 - Chicago 2
TOP OF THE 7TH
New York Yankees batting - Pitching for Chicago Cubs : LHP Carlos Rodon
Batting: RHB Tom Murphy 0-0: Swinging Strike
0-1: Called Strike
0-2: Foul Ball, location: 9LMFF
0-2: Ground out 4-3 (Groundball, 34, EV 90.0 MPH)
Batting: RHB Gary Sanchez 0-0: Called Strike
0-1: Called Strike
0-2: Ball
1-2: Ball
2-2: Strikes out swinging
Batting: RHB Matt Chapman 0-0: Ball
1-0: Swinging Strike
1-1: Ground out 6-3 (Groundball, 6, EV 88.1 MPH)
Top of the 7th over - 0 runs, 0 hits, 0 errors, 0 left on base; New York 2 - Chicago 2
BOTTOM OF THE 7TH
Chicago Cubs batting - Pitching for New York Yankees : RHP Scott Effross
Pitching: RHP Eric Orze
Batting: RHB Miguel Amaya 0-0: Swinging Strike
0-1: Ball
1-1: Called Strike
1-2: Strikes out swinging
Batting: RHB Tim Locastro 0-0: Ball
1-0: Called Strike
1-1: Called Strike
1-2: Ball
2-2: Foul Ball, location: 2F
2-2: Foul Ball, location: 9LDF
2-2: Ball
3-2: Foul Ball, location: 9LMF
3-2: Ground out 4-3 (Groundball, 4, EV 77.5 MPH)
Batting: RHB Tim Anderson 0-0: Foul Ball, location: 3F
0-1: Ball
1-1: Fly out, F8 (Flyball, 8LD, EV 99.4 MPH)
Bottom of the 7th over - 0 runs, 0 hits, 0 errors, 0 left on base; New York 2 - Chicago 2
TOP OF THE 8TH
New York Yankees batting - Pitching for Chicago Cubs : LHP Carlos Rodon
Pitching: LHP Thomas Szapucki
Batting: RHB Elvis Andrus 0-0: DOUBLE (Line Drive, 7LS, EV 107.5 MPH)
Batting: RHB Randy Arozarena 0-0: Called Strike
0-1: Foul Ball, location: 25F
0-2: Ball
1-2: Strikes out looking
Batting: RHB Ha-seong Kim 0-0: Ball
1-0: Ball
2-0: Foul Ball, location: 5SF
2-1: Foul Ball, location: 2F
2-2: Strikes out swinging
Batting: RHB Vladimir Guerrero Jr. 0-0: Ball
1-0: Foul Ball, location: 2F
1-1: Foul Ball, location: 23F
1-2: Ball
2-2: Strikes out swinging
Top of the 8th over - 0 runs, 1 hit, 0 errors, 1 left on base; New York 2 - Chicago 2
BOTTOM OF THE 8TH
Chicago Cubs batting - Pitching for New York Yankees : RHP Eric Orze
Batting: RHB Aaron Judge 0-0: Called Strike
0-1: Ball
1-1: Foul Ball, location: 9LSF
1-2: Ball
2-2: Foul Ball, location: 2LF
2-2: Ball
3-2: Fly out, F7 (Flyball, 7D, EV 87.5 MPH)
Pitching: LHP Brooks Raley
Batting: RHB Randal Grichuk 0-0: Ball
1-0: Foul Ball, location: 5F
1-1: Foul Ball, location: 2F
1-2: Ball
2-2: Ground out 6-3 (Groundball, 6, EV 93.1 MPH)
Batting: RHB Taylor Jones 0-0: Ball
1-0: Foul Ball, location: 25FF
1-1: Foul Ball, location: 2F
1-2: Foul Ball, location: 9LSF
1-2: Ball
2-2: Foul Ball, location: 9LMF
2-2: Ball
3-2: Base on Balls
Batting: RHB Miguel Andujar 0-0: Ball
1-0: Fly out, F8 (Flyball, 8RD, EV 95.0 MPH)
Bottom of the 8th over - 0 runs, 0 hits, 0 errors, 1 left on base; New York 2 - Chicago 2
TOP OF THE 9TH
New York Yankees batting - Pitching for Chicago Cubs : LHP Thomas Szapucki
Pitching: RHP Michael Pineda
Pinch Hitting: LHB Daniel Vogelbach 0-0: Foul Ball, location: 7LSF
0-1: Ball
1-1: Ball
2-1: Called Strike
2-2: Ball
3-2: Fly out, F5 (Popup, 56S, EV 80.6 MPH)
Batting: SHB Ozzie Albies 0-0: Called Strike
0-1: Hit by Pitch
Pinch Hitting: LHB Cedric Mullins 0-0: Called Strike
0-1: Called Strike
0-2: Strikes out swinging
Batting: LHB Brandon Belt 0-0: Ball
1-0: Ball
2-0: Foul Ball, location: 23FF
2-1: Foul Ball, location: 2F
2-2: Foul Ball, location: 2F
2-2: Foul Ball, location: 5F
2-2: Foul Ball, location: 23F
Pickoff Throw to First - Out! 1-3
Top of the 9th over - 0 runs, 0 hits, 0 errors, 0 left on base; New York 2 - Chicago 2
BOTTOM OF THE 9TH
Chicago Cubs batting - Pitching for New York Yankees : LHP Brooks Raley
Now at C: Mitch Garver
Now in LF: Randy Arozarena
Now in CF: Cedric Mullins
Pinch Hitting: RHB Kevin Newman 0-0: Ground out 1-3 (Groundball, P, EV 63.8 MPH)
Pinch Hitting: SHB Brayan Rocchio 0-0: Ball
1-0: Ground out 4-3 (Groundball, 4, EV 83.1 MPH)
Batting: RHB Miguel Amaya 0-0: Called Strike
0-1: Foul Ball, location: 3SF
0-2: Ball
1-2: Strikes out swinging
Bottom of the 9th over - 0 runs, 0 hits, 0 errors, 0 left on base; New York 2 - Chicago 2
TOP OF THE 10TH
New York Yankees batting - Pitching for Chicago Cubs : RHP Michael Pineda
Cedric Mullins starts the inning at 2nd base.
Now at SS: Kevin Newman
Now in LF: Rafael Ortega
Batting: LHB Brandon Belt 0-0: Ball
1-0: Ball
2-0: Ball
3-0: Base on Balls
Batting: RHB Matt Chapman 0-0: Foul Ball, location: 5F
0-1: Swinging Strike
0-2: Strikes out swinging
Batting: RHB Elvis Andrus 0-0: Called Strike
0-1: Foul Ball, location: 2F
0-2: Ball
1-2: Ball
2-2: Strikes out swinging
Batting: RHB Randy Arozarena 0-0: Ball
1-0: Called Strike
1-1: Ball
2-1: Ground out U3 (Groundball, 34S, EV 68.8 MPH)
Top of the 10th over - 0 runs, 0 hits, 0 errors, 2 left on base; New York 2 - Chicago 2
BOTTOM OF THE 10TH
Chicago Cubs batting - Pitching for New York Yankees : LHP Brooks Raley
Miguel Amaya starts the inning at 2nd base.
Pitching: LHP Joe Mantiply
Batting: RHB Tim Locastro 0-0: Bunt - Flyout to 23! F3
Batting: RHB Tim Anderson 0-0: Ball
1-0: Called Strike
1-1: Reached via error on a dropped throw from 1B, E1 (Groundball, 34, EV 97.5 MPH)
Miguel Amaya to third
Batting: RHB Aaron Judge 0-0: Ball
1-0: Called Strike
1-1: Called Strike
Tim Anderson steals 2nd base (no throw)
1-2: Ball
2-2: Ball
3-2: Intentional Walk
Batting: RHB Randal Grichuk 0-0: Ball
1-0: Foul Ball, location: 5F
1-1: Called Strike
1-2: Ball
2-2: Ball
3-2: Fly out, F7 (Flyball, 78S, EV 93.1 MPH)
Batting: RHB Taylor Jones 0-0: Swinging Strike
0-1: Called Strike
0-2: Ball
1-2: Strikes out swinging
Bottom of the 10th over - 0 runs, 0 hits, 1 error, 3 left on base; New York 2 - Chicago 2
TOP OF THE 11TH
New York Yankees batting - Pitching for Chicago Cubs : RHP Michael Pineda
Randy Arozarena starts the inning at 2nd base.
Batting: RHB Ha-seong Kim 0-0: Ball
1-0: Ball
2-0: Ball
3-0: Base on Balls
Batting: RHB Vladimir Guerrero Jr. 0-0: Called Strike
0-1: Swinging Strike
0-2: Strikes out swinging
Batting: RHB Mitch Garver 0-0: Called Strike
Randy Arozarena steals 3rd base (no throw)
Ha-seong Kim to second
0-1: Foul Ball, location: 9LSF
0-2: Ball
1-2: DOUBLE (Line Drive, 7LS, EV 98.8 MPH)
Randy Arozarena scores
Ha-seong Kim scores
Pitching: RHP Sean Boyle
Batting: SHB Ozzie Albies 0-0: Ground out U3 (Groundball, 3L, EV 86.9 MPH)
Mitch Garver to third
Batting: LHB Cedric Mullins 0-0: Ground out 4-3 (Groundball, 34D, EV 100.0 MPH)
Top of the 11th over - 2 runs, 1 hit, 0 errors, 1 left on base; New York 4 - Chicago 2
BOTTOM OF THE 11TH
Chicago Cubs batting - Pitching for New York Yankees : LHP Joe Mantiply
Taylor Jones starts the inning at 2nd base.
Pitching: RHP Liam Hendriks
Batting: RHB Miguel Andujar 0-0: Ball
1-0: Foul Ball, location: 5F
1-1: Ball
2-1: Called Strike
2-2: Foul Ball, location: 7LSF
2-2: Ball
3-2: Foul Ball, location: 5F
3-2: Strikes out swinging
Pinch Hitting: LHB Patrick Mazeika 0-0: Ball
1-0: Called Strike
1-1: Fly out, F9 (Line Drive, 9LS, EV 85.6 MPH)
Batting: LHB Rafael Ortega 0-0: Called Strike
0-1: Foul Ball, location: 2F
0-2: Ball
1-2: Ball
2-2: Ground out 1-3 (Groundball, 23, EV 70.6 MPH)
Bottom of the 11th over - 0 runs, 0 hits, 0 errors, 1 left on base; New York 4 - Chicago 2
Monday, February 19th , 2024 - OOTP Baseball 24.11 Build 85